| TOP OF THE 1ST |
|
Atlanta Braves batting - Pitching for Pittsburgh Pirates : LHP John Tudor
|
|
Pitching: LHP John Tudor
|
|
|
Batting: LHB Brett Butler
|
0-0: Ball 1-0: Swinging Strike 1-1: Foul Ball, location: 2F 1-2: Ball 2-2: Fly out, F4 (Popup, 34D, EV 36.3 MPH)
|
|
Batting: LHB Joe L Morgan
|
0-0: Ball 1-0: Ball 2-0: Ball 3-0: Called Strike 3-1: Base on Balls
|
|
Batting: SHB Tony Fernandez
|
0-0: Ball 1-0: Ball 2-0: Ball 3-0: Base on Balls Joe L Morgan to second
|
|
Batting: LHB Karl Pagel
|
0-0: Ball 1-0: Ball 2-0: Called Strike 2-1: Foul Ball, location: 2F 2-2: Ball 3-2: Grounds out, U3 (Groundball, 3L, EV 110.6 MPH) Joe L Morgan to third
|
|
Batting: LHB Mike Scioscia
|
0-0: Called Strike 0-1: Called Strike 0-2: SINGLE (Line Drive, 6MD, EV 103.1 MPH) Joe L Morgan scores Tony Fernandez to third Runner from 3rd tries for Home, SAFE, throw by CF to home
|
|
Batting: LHB Mike Hargrove
|
0-0: Called Strike Mike Scioscia is caught stealing 2nd base 2-6
|
| Top of the 1st over - 2 runs, 1 hit, 0 errors, 0 left on base; Atlanta 2 - Pittsburgh 0 |
| BOTTOM OF THE 1ST |
|
Pittsburgh Pirates batting - Pitching for Atlanta Braves : LHP Randy Lerch
|
|
Pitching: LHP Randy Lerch
|
|
|
Batting: RHB Dan Gladden
|
0-0: Called Strike 0-1: Ball 1-1: Ball 2-1: Fly out, F7 (Line Drive, 7, EV 88.8 MPH)
|
|
Batting: LHB Terry Whitfield
|
0-0: Called Strike 0-1: Foul Ball, location: 2F 0-2: Ground out U3 (Groundball, 3L, EV 86.9 MPH)
|
|
Batting: RHB Rennie Stennett
|
0-0: Ball 1-0: Ground out 5-3 (Groundball, 56S, EV 82.5 MPH)
|
| Bottom of the 1st over - 0 runs, 0 hits, 0 errors, 0 left on base; Atlanta 2 - Pittsburgh 0 |
| TOP OF THE 2ND |
|
Atlanta Braves batting - Pitching for Pittsburgh Pirates : LHP John Tudor
|
|
Batting: LHB Mike Hargrove
|
0-0: Swinging Strike 0-1: Foul Ball, location: 2F 0-2: Ball 1-2: Foul Ball, location: 2F 1-2: SINGLE (Flyball, 78S, EV 97.5 MPH)
|
|
Batting: LHB Brent Hillenga
|
0-0: Ball 1-0: Called Strike 1-1: Ball 2-1: Fly out, F6 (Flyball, 56D, EV 90.0 MPH)
|
|
Batting: RHB Tom Veryzer
|
0-0: Ball 1-0: Foul Ball, location: 2F 1-1: Ball 2-1: DOUBLE (Line Drive, 89D, EV 100.0 MPH) Mike Hargrove to third Runner from 3rd tries for Home, SAFE, no throw by CF
|
|
Batting: LHB Randy Lerch
|
0-0: Called Strike 0-1: SINGLE (Line Drive, 8RM, EV 103.8 MPH) Tom Veryzer to third Runner from 3rd tries for Home, SAFE, no throw by CF
|
|
Batting: LHB Brett Butler
|
0-0: Ball 1-0: Swinging Strike 1-1: Foul Ball, location: 2F 1-2: Ball 2-2: Ball 3-2: Fly out, F8 (Line Drive, 8RD, EV 90.0 MPH)
|
|
Batting: LHB Joe L Morgan
|
0-0: Foul Ball, location: 2F 0-1: Foul Ball, location: 2F 0-2: Ball 1-2: Foul Ball, location: 2F 1-2: Foul Ball, location: 2F 1-2: Foul Ball, location: 2F 1-2: Ball 2-2: Ground out 4-3 (Groundball, 4, EV 87.5 MPH)
|
| Top of the 2nd over - 2 runs, 3 hits, 0 errors, 1 left on base; Atlanta 4 - Pittsburgh 0 |
| BOTTOM OF THE 2ND |
|
Pittsburgh Pirates batting - Pitching for Atlanta Braves : LHP Randy Lerch
|
|
Batting: LHB Greg Walker
|
0-0: Swinging Strike 0-1: Foul Ball, location: 2F 0-2: Foul Ball, location: 2F 0-2: Ball 1-2: Ground out 4-3 (Groundball, 4, EV 96.3 MPH)
|
|
Batting: SHB Chili Davis
|
0-0: Called Strike 0-1: Ball 1-1: Called Strike 1-2: Ball 2-2: Ball 3-2: Foul Ball, location: 2F 3-2: Base on Balls
|
|
Batting: RHB William Max
|
0-0: Called Strike Chili Davis is caught stealing 2nd base 2-4 0-1: Foul Ball, location: 2F 0-2: Ball 1-2: Foul Ball, location: 2F 1-2: Foul Ball, location: 2F 1-2: Ground out 6-3 (Groundball, 56, EV 105.6 MPH)
|
| Bottom of the 2nd over - 0 runs, 0 hits, 0 errors, 0 left on base; Atlanta 4 - Pittsburgh 0 |
| TOP OF THE 3RD |
|
Atlanta Braves batting - Pitching for Pittsburgh Pirates : LHP John Tudor
|
|
Batting: SHB Tony Fernandez
|
0-0: Fly out, F9 (Flyball, 9S, EV 84.4 MPH)
|
|
Batting: LHB Karl Pagel
|
0-0: Foul Ball, location: 2F 0-1: Swinging Strike 0-2: Foul Ball, location: 2F 0-2: Fly out, F6 (Popup, P, EV 83.8 MPH)
|
|
Batting: LHB Mike Scioscia
|
0-0: Foul Ball, location: 2F 0-1: Called Strike 0-2: Foul Ball, location: 2F 0-2: SINGLE (Flyball, 7LS, EV 98.8 MPH)
|
|
Batting: LHB Mike Hargrove
|
0-0: Ball 1-0: Ball 2-0: Ball 3-0: Called Strike 3-1: Swinging Strike Passed Ball! Mike Scioscia to second 3-2: Strikes out looking
|
| Top of the 3rd over - 0 runs, 1 hit, 0 errors, 1 left on base; Atlanta 4 - Pittsburgh 0 |
| BOTTOM OF THE 3RD |
|
Pittsburgh Pirates batting - Pitching for Atlanta Braves : LHP Randy Lerch
|
|
Batting: SHB Ron Oester
|
0-0: Fly out, F9 (Flyball, 9D, EV 101.9 MPH)
|
|
Batting: LHB Craig Barnes
|
0-0: Ball 1-0: Called Strike 1-1: Foul Ball, location: 2F 1-2: Foul Ball, location: 2F 1-2: Ball 2-2: Foul Ball, location: 2F 2-2: Foul Ball, location: 2F 2-2: Strikes out swinging
|
|
Batting: LHB John Tudor
|
0-0: Called Strike 0-1: Ball 1-1: Ball 2-1: Swinging Strike 2-2: Fly out, F8 (Line Drive, 8LM, EV 103.8 MPH)
|
| Bottom of the 3rd over - 0 runs, 0 hits, 0 errors, 0 left on base; Atlanta 4 - Pittsburgh 0 |
| TOP OF THE 4TH |
|
Atlanta Braves batting - Pitching for Pittsburgh Pirates : LHP John Tudor
|
|
Batting: LHB Brent Hillenga
|
0-0: Called Strike 0-1: Ground out 6-3 (Groundball, 6, EV 90.6 MPH)
|
|
Batting: RHB Tom Veryzer
|
0-0: Ball 1-0: SINGLE (Groundball, 34D, EV 106.9 MPH)
|
|
Batting: LHB Randy Lerch
|
0-0: Bunt - Flyout to 2L! F2
|
|
Batting: LHB Brett Butler
|
0-0: Ball 1-0: Ball Tom Veryzer steals 2nd base (no throw) 2-0: Foul Ball, location: 2F 2-1: Swinging Strike 2-2: Strikes out swinging
|
| Top of the 4th over - 0 runs, 1 hit, 0 errors, 1 left on base; Atlanta 4 - Pittsburgh 0 |
| BOTTOM OF THE 4TH |
|
Pittsburgh Pirates batting - Pitching for Atlanta Braves : LHP Randy Lerch
|
|
Batting: RHB Dan Gladden
|
0-0: Fly out, F8 (Line Drive, 8RM, EV 103.8 MPH)
|
|
Batting: LHB Terry Whitfield
|
0-0: Ball 1-0: Fly out, F3 (Popup, 34, EV 67.5 MPH)
|
|
Batting: RHB Rennie Stennett
|
0-0: Ball 1-0: Foul Ball, location: 2F 1-1: Ground out 5-3 (Groundball, 5S, EV 86.3 MPH)
|
| Bottom of the 4th over - 0 runs, 0 hits, 0 errors, 0 left on base; Atlanta 4 - Pittsburgh 0 |
| TOP OF THE 5TH |
|
Atlanta Braves batting - Pitching for Pittsburgh Pirates : LHP John Tudor
|
|
Pitching: RHP Brian Kingman
|
|
|
Batting: LHB Joe L Morgan
|
0-0: Ball 1-0: Ball 2-0: Called Strike 2-1: Foul Ball, location: 2F 2-2: Foul Ball, location: 2F 2-2: Ball 3-2: SINGLE (Line Drive, 9S, EV 95.6 MPH)
|
|
Batting: SHB Tony Fernandez
|
0-0: Ball Wild Pitch! Joe L Morgan to second 1-0: DOUBLE (Flyball, 8RD, EV 105.6 MPH) Joe L Morgan scores
|
|
Batting: LHB Karl Pagel
|
0-0: Foul Ball, location: 2F 0-1: Hit by Pitch
|
|
Batting: LHB Mike Scioscia
|
0-0: Fly out, F7 (Flyball, 7D, EV 97.5 MPH) Runner from 2nd tags up, SAFE at 3rd, no throw by LF
|
|
Batting: LHB Mike Hargrove
|
0-0: Ball 1-0: Ball 2-0: Ball 3-0: Called Strike 3-1: Foul Ball, location: 2F 3-2: Foul Ball, location: 2F 3-2: Base on Balls Karl Pagel to second
|
|
Batting: LHB Brent Hillenga
|
0-0: Fly out, F8 (Flyball, 8RM, EV 93.1 MPH) Runner from 3rd tags up, OUT at HOME! 8-2
|
| Top of the 5th over - 1 run, 2 hits, 0 errors, 2 left on base; Atlanta 5 - Pittsburgh 0 |
| BOTTOM OF THE 5TH |
|
Pittsburgh Pirates batting - Pitching for Atlanta Braves : LHP Randy Lerch
|
|
Pitching: RHP Rick Sutcliffe
|
|
|
Batting: LHB Greg Walker
|
0-0: Ball 1-0: Called Strike 1-1: Called Strike 1-2: Ball 2-2: Ball 3-2: SOLO HOME RUN (Flyball, 89XD, EV 111.9 MPH), Distance : 446 ft
|
|
Batting: SHB Chili Davis
|
0-0: Ball 1-0: Called Strike 1-1: Called Strike 1-2: Foul Ball, location: 2F 1-2: Ball 2-2: Foul Ball, location: 2F 2-2: SINGLE (Groundball, 6MS, EV 83.1 MPH) (infield hit)
|
|
Batting: RHB William Max
|
0-0: Called Strike 0-1: Ball 1-1: Ball 2-1: Called Strike 2-2: Ball 3-2: Strikes out looking
|
|
Batting: SHB Ron Oester
|
0-0: Foul Ball, location: 2F 0-1: Ball 1-1: Ball 2-1: Fielders Choice at 2nd, 6-4 (Groundball, 6, EV 83.1 MPH)
|
|
Batting: LHB Craig Barnes
|
0-0: 2-RUN HOME RUN (Flyball, 8LXD, EV 91.3 MPH), Distance : 453 ft
|
|
Batting: RHB Brian Kingman
|
0-0: Ball 1-0: Foul Ball, location: 2F 1-1: Swinging Strike 1-2: Strikes out swinging
|
| Bottom of the 5th over - 3 runs, 3 hits, 0 errors, 0 left on base; Atlanta 5 - Pittsburgh 3 |
| TOP OF THE 6TH |
|
Atlanta Braves batting - Pitching for Pittsburgh Pirates : RHP Brian Kingman
|
|
Batting: RHB Tom Veryzer
|
0-0: Foul Ball, location: 2F 0-1: Fly out, F4 (Popup, 34D, EV 53.8 MPH)
|
|
Pinch Hitting: RHB James Shinn
|
0-0: Foul Ball, location: 2F 0-1: Ball 1-1: Ball 2-1: Ball 3-1: Called Strike 3-2: Base on Balls
|
|
Pinch Hitting: RHB Dan Ford
|
0-0: Foul Ball, location: 2F 0-1: Foul Ball, location: 2F 0-2: Strikes out swinging
|
|
Pinch Hitting: SHB UL Washington
|
0-0: Swinging Strike 0-1: Swinging Strike 0-2: Ball 1-2: SINGLE (Line Drive, 4MD, EV 104.4 MPH) James Shinn to second Runner from 2nd tries for 3rd, SAFE, throw by CF made to third
|
|
Pinch Hitting: RHB Guy Sularz
|
Pickoff Throw to First - Out! 1-3
|
| Top of the 6th over - 0 runs, 1 hit, 0 errors, 1 left on base; Atlanta 5 - Pittsburgh 3 |
| BOTTOM OF THE 6TH |
|
Pittsburgh Pirates batting - Pitching for Atlanta Braves : RHP Rick Sutcliffe
|
|
Pitching: LHP Jesus Rios
|
|
|
Now at 2B: UL Washington
|
|
|
Now at SS: Guy Sularz
|
|
|
Now in LF: Leon Durham
|
|
|
Batting: RHB Dan Gladden
|
0-0: Called Strike 0-1: Ball 1-1: Ball 2-1: Fly out, F3 (Popup, 3SF, EV 87.5 MPH)
|
|
Batting: LHB Terry Whitfield
|
0-0: Ball 1-0: Called Strike 1-1: SINGLE (Line Drive, 78S, EV 103.1 MPH)
|
|
Batting: RHB Rennie Stennett
|
0-0: Foul Ball, location: 2F 0-1: Ball 1-1: Ball 2-1: Reached on error, E5 (Groundball, 56, EV 102.5 MPH) Terry Whitfield to second
|
|
Batting: LHB Greg Walker
|
0-0: Called Strike Terry Whitfield steals 3rd base Rennie Stennett to second 0-1: Ball 1-1: Ball 2-1: Ground out 4-3 (Groundball, 4S, EV 76.3 MPH) Terry Whitfield scores Rennie Stennett to third
|
|
Batting: SHB Chili Davis
|
0-0: Foul Ball, location: 2F 0-1: Ball 1-1: Ground out 4-3 (Groundball, 4, EV 83.1 MPH)
|
| Bottom of the 6th over - 1 run, 1 hit, 1 error, 1 left on base; Atlanta 5 - Pittsburgh 4 |
| TOP OF THE 7TH |
|
Atlanta Braves batting - Pitching for Pittsburgh Pirates : RHP Brian Kingman
|
|
Batting: RHB Guy Sularz
|
0-0: Foul Ball, location: 2F 0-1: Ground out 6-3 (Groundball, 6MD, EV 89.4 MPH)
|
|
Pinch Hitting: RHB Dave Sax
|
0-0: Called Strike 0-1: Foul Ball, location: 2F 0-2: Ball 1-2: Foul Ball, location: 2F 1-2: Ground out 3-1 (Groundball, 34, EV 100.0 MPH)
|
|
Batting: LHB Mike Scioscia
|
0-0: Ball 1-0: Swinging Strike 1-1: Called Strike 1-2: Ball 2-2: Ball 3-2: Foul Ball, location: 2F 3-2: Fly out, F7 (Flyball, 7LM, EV 95.0 MPH)
|
| Top of the 7th over - 0 runs, 0 hits, 0 errors, 0 left on base; Atlanta 5 - Pittsburgh 4 |
| BOTTOM OF THE 7TH |
|
Pittsburgh Pirates batting - Pitching for Atlanta Braves : LHP Jesus Rios
|
|
Now in CF: Dave Stegman
|
|
|
Batting: RHB William Max
|
0-0: Ball 1-0: Ball 2-0: Ball 3-0: Called Strike 3-1: SINGLE (Flyball, 8LS, EV 96.3 MPH)
|
|
Batting: SHB Ron Oester
|
0-0: Sac Bunt to 15 - play at first, batter OUT! 1-4 William Max to second
|
|
Pinch Hitting: LHB Robert Lopez
|
0-0: Fly out, F6 (Popup, 6, EV 60.0 MPH)
|
|
Pinch Hitting: SHB John Shelby
|
0-0: Ball 1-0: Ball 2-0: Ground out U3 (Groundball, 3L, EV 88.1 MPH)
|
| Bottom of the 7th over - 0 runs, 1 hit, 0 errors, 1 left on base; Atlanta 5 - Pittsburgh 4 |
| TOP OF THE 8TH |
|
Atlanta Braves batting - Pitching for Pittsburgh Pirates : RHP Brian Kingman
|
|
Pitching: LHP Larry Edwards
|
|
|
Now in CF: John Shelby
|
|
|
Pinch Hitting: RHB Mike Fuentes
|
0-0: Called Strike 0-1: Ball 1-1: Swinging Strike 1-2: Fly out, F9 (Flyball, 9LD, EV 92.5 MPH)
|
|
Batting: LHB Brent Hillenga
|
0-0: Called Strike 0-1: Swinging Strike 0-2: Ball 1-2: Ball 2-2: Ball 3-2: SINGLE (Flyball, 78S, EV 89.4 MPH)
|
|
Pinch Hitting: LHB Dan Rohn
|
0-0: Ball 1-0: Ball 2-0: Ball 3-0: Called Strike 3-1: Foul Ball, location: 2F 3-2: Strikes out swinging
|
|
Batting: LHB Leon Durham
|
0-0: Called Strike 0-1: Ball 1-1: Ball Brent Hillenga steals 2nd base 2-1: Foul Ball, location: 2F 2-2: Ball 3-2: Base on Balls
|
|
Pinch Hitting: LHB Rod Carew
|
0-0: Ball 1-0: Called Strike 1-1: Ground out 3-1 (Groundball, 34S, EV 81.9 MPH)
|
| Top of the 8th over - 0 runs, 1 hit, 0 errors, 2 left on base; Atlanta 5 - Pittsburgh 4 |
| BOTTOM OF THE 8TH |
|
Pittsburgh Pirates batting - Pitching for Atlanta Braves : LHP Jesus Rios
|
|
Pitching: LHP Wilbur Wood
|
|
|
Now at 1B: Donnie Scott
|
|
|
Now at 2B: Dan Rohn
|
|
|
Pinch Hitting: LHB Jared Martin
|
0-0: Called Strike 0-1: Ball 1-1: Ground out 6-3 (Groundball, 6S, EV 85.0 MPH)
|
|
Pinch Hitting: LHB Alex Campos
|
0-0: Ball 1-0: Called Strike 1-1: Called Strike 1-2: Ground out 4-3 (Groundball, 4, EV 108.8 MPH)
|
|
Pinch Hitting: RHB Greg Schultz
|
0-0: Called Strike 0-1: Called Strike 0-2: Foul Ball, location: 2F 0-2: Foul Ball, location: 2F 0-2: Fly out, F8 (Line Drive, 8RD, EV 103.8 MPH)
|
| Bottom of the 8th over - 0 runs, 0 hits, 0 errors, 0 left on base; Atlanta 5 - Pittsburgh 4 |
| TOP OF THE 9TH |
|
Atlanta Braves batting - Pitching for Pittsburgh Pirates : LHP Larry Edwards
|
|
Now at 2B: Greg Schultz
|
|
|
Now in LF: Jared Martin
|
|
|
Now in RF: Alex Campos
|
|
|
Batting: SHB UL Washington
|
0-0: Ground out 6-3 (Groundball, 6S, EV 89.4 MPH)
|
|
Batting: RHB Guy Sularz
|
0-0: Ball 1-0: Ball 2-0: Ball 3-0: Called Strike 3-1: Ground out 6-3 (Groundball, 6M, EV 85.0 MPH)
|
|
Batting: RHB Dave Stegman
|
0-0: Ball 1-0: Ball 2-0: SINGLE (Line Drive, 4MD, EV 96.3 MPH)
|
|
Pinch Hitting: RHB Gary Allenson
|
0-0: Ball 1-0: Ball 2-0: Foul Ball, location: 2F 2-1: DOUBLE (Line Drive, 9LM, EV 106.9 MPH) Dave Stegman to third Runner from 3rd tries for Home, SAFE, throw by RF to home
|
|
Batting: SHB Donnie Scott
|
0-0: Called Strike 0-1: Foul Ball, location: 2F 0-2: Reached on error, E5 (Groundball, 56S, EV 78.1 MPH) Gary Allenson scores
|
|
Batting: LHB Brent Hillenga
|
0-0: Ball 1-0: Called Strike 1-1: Ball 2-1: Ball 3-1: Fly out, F5 (Popup, 56S, EV 66.9 MPH)
|
| Top of the 9th over - 2 runs, 2 hits, 1 error, 1 left on base; Atlanta 7 - Pittsburgh 4 |
| BOTTOM OF THE 9TH |
|
Pittsburgh Pirates batting - Pitching for Atlanta Braves : LHP Wilbur Wood
|
|
Now at C: Gary Allenson
|
|
|
Pinch Hitting: RHB Jim Maler
|
0-0: Ground out 4-3 (Groundball, 4, EV 83.8 MPH)
|
|
Pinch Hitting: RHB Joe Jones
|
0-0: Fly out, F7 (Flyball, 7D, EV 92.5 MPH)
|
|
Pinch Hitting: RHB Dave Bialas
|
0-0: Called Strike 0-1: DOUBLE (Line Drive, 7LM, EV 103.1 MPH)
|
|
Batting: SHB Ron Oester
|
0-0: Fly out, F5 (Line Drive, 5, EV 62.5 MPH)
|
| Bottom of the 9th over - 0 runs, 1 hit, 0 errors, 1 left on base; Atlanta 7 - Pittsburgh 4 |
|